 Dungeon Crawl Stone Soup version 0.31.0-32-g396128a36d (webtiles) character file.

Game seed: 16461342465786865238

2797 Killerpretzel the Mimic (level 9, -1/62 HPs)
             Began as an Octopode Shapeshifter on Mar 8, 2024.
             Succumbed to a killer bee's poison
             ... on level 7 of the Dungeon.
             The game lasted 00:09:22 (5904 turns).

Killerpretzel the Mimic (Octopode Shapeshifter)     Turns: 5904, Time: 00:09:23

Health: -1/62      AC:  5    Str: 14    XL:     9   Next: 71%
Magic:  18/18      EV: 16    Int: 16    God:
Gold:   265        SH:  0    Dex: 15    Spells: 8/8 levels left

rFire   . . .        l - +2 dagger of Deos {freeze, *Rage rElec MP+9 Int+4}
rCold   . . .        (no shield)
rNeg    . . .        (helmet currently unavailable)
rPois   .            j - amulet of the acrobat
rElec   +            e - +4 ring of protection
rCorr   .            (no ring)
SInv    .            (no ring)
Will    .....        (no ring)
Stlth   ++           (no ring)
HPRegen 0.30/turn    (no ring)
MPRegen 0.16/turn    (no ring)
                     (no ring)

%: random rage (20%), acrobat
@: lethally poisoned (-1 -> -9), beast-form, on berserk cooldown, slowed,
invisible, very slow
A: beast (slay +4), almost no armour, amphibious, 8 rings, camouflage 1,
gelatinous body 1, (nimble swimmer 1), tentacles
a: Begin Untransformation


You were on level 7 of the Dungeon.
You were a hulking beast.
You visited 2 branches of the dungeon, and saw 8 of its levels.

You collected 265 gold pieces.

Inventory:

Hand Weapons
 l - the +2 dagger of Deos (weapon) {freeze, *Rage rElec MP+9 Int+4}
   (You found it on level 3 of the Dungeon)

   Int+4:     It affects your intelligence (+4).
   rElec:     It insulates you from electricity.
   MP+9:      It affects your magic capacity (+9).
   *Rage:     It berserks you when you make melee attacks (+20% chance).
Missiles
 i - 4 poisoned darts (quivered)
 u - a throwing net
Jewellery
 e - a +4 ring of protection (left tentacle)
 j - an amulet of the acrobat (around mantle)
 v - a ring of positive energy
 x - a +6 ring of dexterity
Talismans
 b - a beast talisman
 c - a flux talisman
Wands
 o - a wand of flame (23)
Scrolls
 f - 2 scrolls of enchant armour {unknown}
 k - a scroll of fog
 m - a scroll of immolation
 p - 2 scrolls of teleportation
 q - a scroll of fear
 r - a scroll of revelation
 t - a scroll of blinking
 w - a scroll of identify
Potions
 a - a potion of lignification
 d - a potion of mutation
 g - a potion of haste
 h - 4 potions of degeneration
 n - a potion of magic


   Skills:
 + Level 5.8 Fighting
 + Level 6.1 Dodging
 + Level 6.5 Unarmed Combat
 * Level 8.2 Shapeshifting


You had 8 spell levels left.
You didn't know any spells.
Your spell library contained the following spells:

 Spells                   Type           Power      Damage    Failure   Level
 Foxfire                  Conj/Fire      0%         2x1d4     26%         1
 Kiss of Death            Conj/Necr      0%         2d5       26%         1
 Confusing Touch          Hex            0%         N/A       58%         3
 Inner Flame              Hex/Fire       0%         N/A       58%         3
 Dispel Undead            Necr           0%         3d6       94%         4
 Flame Wave               Conj/Fire      0%         2d4       94%         4
 Sticky Flame             Fire/Alch      0%         2d4       94%         4
 Plasma Beam              Fire/Air       0%         2x1d10    100%        6
 Starburst                Conj/Fire      0%         6d3       100%        6


Dungeon Overview and Level Annotations

Branches:
Dungeon (7/15)             Temple (1/1) D:6

Altars:
Ashenzari
Dithmenos
Elyvilon
Fedhas
Hepliaklqana
Kikubaaqudgha
Makhleb
Nemelex Xobeh
Okawaru
Qazlal
Ru
Sif Muna
Trog
Uskayaw
Wu Jian
Xom
Yredelemnul
Zin
The Shining One

Shops:
D:2 ?   D:3 [

Annotations:
D:7 2 transporters, TangoThomas's ghost, novice DsWr


Innate Abilities, Weirdness & Mutations

You are a hulking beast.
Your limbs bulge with bestial killing power. (Slay +4)
You cannot wear most types of armour.
You are amphibious.
You can wear up to eight rings at the same time.
Your skin changes colour to match your surroundings (Stealth+).
Your rubbery body absorbs attacks. (AC +1, EV +1)
((You are camouflaged when in or above water. (Stealth+)))
You have tentacles for arms and can constrict up to eight enemies at once.


Message History

You closely miss the killer bee. You grab the killer bee.
You constrict the killer bee.
You feel sick. The killer bee closely misses you.
You hit the killer bee. You freeze the killer bee.
The killer bee is heavily wounded.
You constrict the killer bee, but do no damage.
You feel sick. The killer bee stings you.
* * * LOW HITPOINT WARNING * * *
You are lethally poisoned!
The killer bee poisons you! The killer bee barely misses you.
You puncture the killer bee! You freeze the killer bee.
You kill the killer bee!
* * * LOW HITPOINT WARNING * * *
You feel very sick. The killer bee barely misses you. x2
You puncture the killer bee! You freeze the killer bee.
Your grab misses the killer bee. You squeeze the killer bee.
You kill the killer bee!
* * * LOW HITPOINT WARNING * * *
You feel very sick.
You are too injured to fight recklessly!
You are too injured to fight recklessly!
You are too injured to fight recklessly!
Calm down first, please.
There is a lethal amount of poison in your body!
You are too berserk!
You are too berserk!
* * * LOW HITPOINT WARNING * * *
You feel very sick.
You feel a strong urge to attack something.
* * * LOW HITPOINT WARNING * * *
You feel sick.
You are no longer berserk.
You are exhausted.
You feel yourself slow down.
* * * LOW HITPOINT WARNING * * *
You feel sick.
Okay, then.
It was a potion of invisibility.
You fade into invisibility!
You die...

#...............
#..)##...##..(##
#...##...# ##(#
##.†##...# ..
##'###[..# .
#........#
#........#
#...##...#
#.h.##...#### #####
#....#......#....#.
#....+......'....+.
#...##..##.###..##.
#...######.###..##.
#....# #.......'..
#...## #...†...#..
#....# ##..#...#..
#....# ####...##.


There were no monsters in sight!

Vanquished Creatures
  Pikel (D:5)
  2 black bears
  An orc warrior (D:7)
  2 ice beasts (D:6)
  2 phantoms (D:4)
  A kobold brigand (D:7)
  Blork the orc (D:6)
  A brain worm (D:4)
  A scorpion (D:6)
  5 wights (D:7)
  11 killer bees (D:7)
  4 howler monkeys (D:7)
  4 orc priests
  A hound (D:7)
  A jelly (D:4)
  Jessica (D:2)
  2 iguanas (D:6)
  4 orc wizards
  8 gnolls (D:4)
  5 adders
  A white imp (D:5)
  2 ufetubi (D:6)
  2 ribbon worms
  6 dart slugs
  19 orcs
  5 ball pythons
  7 bats
  4 endoplasms
  5 giant cockroaches
  10 goblins
  5 hobgoblins
  2 jackals (D:2)
  9 kobolds
  4 quokkas
  3 frilled lizards (D:1)
  5 rats (D:1)
147 creatures vanquished.

Notes
Turn   | Place    | Note
-------+----------+-------------------------------------------
     0 | D:1      | Killerpretzel the Octopode Shapeshifter began the quest for
                  | the Orb.
     0 | D:1      | Reached XP level 1. HP: 13/13 MP: 1/1
    78 | D:1      | Reached XP level 2. HP: 16/18 MP: 2/2
   400 | D:1      | Reached XP level 3. HP: 22/23 MP: 3/3
   774 | D:2      | Noticed Jessica
   778 | D:2      | Killed Jessica
   779 | D:2      | Reached XP level 4. HP: 29/29 MP: 4/4
   912 | D:2      | Found Jawnurch's Magic Scroll Shop.
   969 | D:2      | Found a faded altar of an unknown god.
  1164 | D:3      | Found Huwo Wye's Antique Armour Emporium.
  1178 | D:3      | Found a shadowy altar of Dithmenos.
  1436 | D:3      | Identified the +2 dagger of Deos {freeze, *Rage rElec MP+9
                  | Int+4}
  1738 | D:3      | Reached skill level 4 in Shapeshifting
  1910 | D:4      | Reached XP level 5. HP: 34/34 MP: 5/5
  1969 | D:4      | Noticed a phantom
  1975 | D:4      | Killed a phantom
  1976 | D:4      | Reached XP level 6. HP: 41/41 MP: 6/6
  2007 | D:4      | Found a shimmering altar of Xom.
  2212 | D:4      | Noticed a black bear
  2218 | D:4      | Killed a black bear
  2256 | D:4      | Reached skill level 5 in Shapeshifting
  2263 | D:4      | Reached XP level 7. HP: 46/46 MP: 7/7
  2704 | D:4      | Found an ornate altar of the Wu Jian Council.
  2753 | D:4      | Found a blossoming altar of Fedhas.
  2869 | D:5      | Entered Level 5 of the Dungeon
  2922 | D:5      | Noticed Pikel
  2934 | D:5      | Killed Pikel
  2935 | D:5      | Reached skill level 5 in Unarmed Combat
  2935 | D:5      | Reached skill level 6 in Shapeshifting
  2935 | D:5      | Reached XP level 8. HP: 3/54 MP: 8/8
  3176 | D:5      | Found a shimmering blue altar of Sif Muna.
  3446 | D:5      | Found an ancient bone altar of Kikubaaqudgha.
  4268 | D:6      | Noticed Blork the orc
  4291 | D:6      | Killed Blork the orc
  4298 | D:6      | Reached skill level 5 in Dodging
  4384 | D:6      | Found a staircase to the Ecumenical Temple.
  4504 | Temple   | Entered the Ecumenical Temple
  4710 | D:6      | Found a bloodstained altar of Trog.
  4923 | D:7      | Reached skill level 7 in Shapeshifting
  4931 | D:7      | Reached XP level 9. HP: 43/60 MP: 9/9
  4994 | D:7      | Reached skill level 5 in Fighting
  4996 | D:7      | HP: 2/57 [wight/+0 halberd (4)]
  5289 | D:7      | Found a transporter.
  5318 | D:7      | Found a burning altar of Makhleb.
  5318 | D:7      | Noticed a balrug
  5321 | D:7      | Noticed a hellwing
  5321 | D:7      | Noticed a smoke demon
  5358 | D:7      | Found a flagged portal.
  5495 | D:7      | Noticed TangoThomas's ghost (novice DsWr)
  5521 | D:7      | Found a transporter.
  5537 | D:7      | HP: 1/61 [orc priest/divine providence (15)]
  5837 | D:7      | Reached skill level 8 in Shapeshifting
  5903 | D:7      | HP: 2/62 [poisoned by a killer bee]
  5904 | D:7      | Succumbed to a killer bee's poison

Illustrated notes

Levels and vault maps discovered:
D:1:      sevenhm_arrival_forest_fort_small_6, layout_loops_ring
D:2:      layout_rooms, basic_ecumenical_altar, serial_shops, shop, uniq_jessica
D:3:      layout_loops_ring, nicolae_dithmenos_through_a_glass_darkly,
          serial_shops, shop
D:4:      layout_basic, mainiacjoe_overflow_alcove_2, xom_butterflies,
          mainiacjoe_overflow_catwalk, grunt_ministairs_5
D:5:      layout_cave_pools, lemuel_round_altar, kennysheep_mini_moat,
          uniq_pikel
D:6:      layout_loops_corners, trog_hazing_becter, minmay_temple_entry_glass,
          uniq_blork_the_orc
D:7:      layout_gridville, makhleb_altar_promises_db,
          gammafunk_ghost_berserking_beasts, enter_bailey_8
Temple:   minmay_temple_curvy_loop

Skill      XL: |  1  2  3  4  5  6  7  8  9 |
---------------+----------------------------+-----
Fighting       | 2 3 4 5 |  5.8
Shapeshifting  | 4 5 6 7 8 |  8.2
Dodging        | 3 4 5 6 |  6.1
Unarmed Combat | 4 5 6 |  6.5

Action                     |  1- 3 |  4- 6 |  7- 9 || total
---------------------------+-------+-------+-------++-------
  Melee: Unarmed           |    48 |    45 |       ||    93
         Constrict         |    18 |    19 |    39 ||    76
         Tentacles         |     9 |    14 |    37 ||    60
         Dagger            |       |    24 |   160 ||   184
         Punch             |       |     2 |     5 ||     7
  Throw: Boomerang         |       |    40 |    26 ||    66
         Dart              |       |       |    77 ||    77
    Use: Scroll            |     2 |     6 |     5 ||    13
         Potion            |       |       |     4 ||     4
   Stab: Sleeping          |     1 |     3 |       ||     4
 Armour: Skin              |    24 |    29 |    87 ||   140
  Dodge: Dodged            |    30 |    39 |   144 ||   213
